 Dungeon Crawl Stone Soup version 0.31-a0-702-gf82c85558f (webtiles) character file.

Game seed: 9424290806932714178

589 qw the Shooter (level 7, -4/44 HPs)
             Began as a Gargoyle Hunter on Sept 8, 2023.
             Slain by Duvessa
             ... wielding a +0 rapier
              (15 damage)
             ... on level 4 of the Dungeon.
             The game lasted 00:01:07 (2715 turns).

qw the Shooter (Gargoyle Hunter)                    Turns: 2715, Time: 00:01:08

Health: -4/44      AC:  7    Str: 14    XL:     7   Next: 38%
Magic:  7/7        EV: 12    Int: 10    God:
Gold:   192        SH:  5    Dex: 15    Spells: 6/6 levels left

rFire   + . .        Y - +0 shortbow
rCold   . . .        (shield currently unavailable)
rNeg    + . .        j - +1 robe {Will+}
rPois   inf          (no helmet)
rElec   +            (no cloak)
rCorr   .            (no gloves)
SInv    +            (no boots)
Will    ++...        a - amulet of reflection
Stlth   ++           g - ring "Yhih" {rPois Will+ SInv}
HPRegen 0.27/turn    b - ring of protection from fire
MPRegen 0.10/turn

%: reflection
@: no status effects
A: sickness immunity, AC +4, negative energy resistance 1, electricity
resistance, torment resistance 1, petrification resistance
a: no special abilities


You were on level 4 of the Dungeon.
You visited 1 branch of the dungeon, and saw 4 of its levels.

You collected 192 gold pieces.


Innate Abilities, Weirdness & Mutations

You are immune to sickness and miasma.
Your stone body is resilient. (AC +4)
You are immune to poison.
You resist negative energy. (rN+)
You are resistant to electric shocks. (rElec)
You are resistant to unholy torment.
You are immune to petrification.


   Skills:
 - Level 4.8 Fighting
 + Level 7.4 Ranged Weapons
 - Level 2.2 Dodging
 - Level 1.1 Stealth


You had 6 spell levels left.
You didn't know any spells.
Your spell library was empty.

Inventory:

Hand Weapons
 Y - a +0 shortbow (weapon)
Armour
 i - a +0 ring mail
 j - a +1 robe of willpower (worn)
Jewellery
 a - an amulet of reflection (around neck)
 b - a ring of protection from fire (right hand)
 d - a ring of resist corrosion
 g - the ring "Yhih" (left hand) {rPois Will+ SInv}
   (You found it on level 2 of the Dungeon)

   [ring of see invisible]

   rPois:     It protects you from poison Will+: It increases your willpower.
   SInv:      It lets you see invisible.
Scrolls
 e - a scroll of identify
 f - 2 scrolls of teleportation {unknown}
Potions
 c - a potion of enlightenment {unknown}
 h - a potion of invisibility {unknown}
 k - a potion of brilliance {unknown}
 l - a potion of haste {unknown}

Dungeon Overview and Level Annotations

Branches:
Dungeon (4/15)
 Temple: D:4-7

Altars:
Cheibriados
Elyvilon
Kikubaaqudgha
Makhleb
Qazlal
Xom
Zin

Shops:
D:3 (

Annotations:
D:2 1 runed translucent door, Crazy Yiuf
D:4 Duvessa


Message History

You kill Natasha!
You feel Natasha's spirit has finally been put to rest.
You start resting.
You hear the brisk hiss of a very distant avalanche of sand.
HP restored.
You open the door.
Found a white marble altar of Elyvilon.
Found an escape hatch in the floor.
f - 2 scrolls labelled EHEOTU DESS (gained 1)
You hear the quick hiss of an avalanche of sand nearby.
Dowan, Brother of Duvessa comes into view.
He is wielding a +0 dagger.
You shoot an arrow.
The arrow hits Dowan but does no damage.
Dowan shouts!
You hear a shout!
Duvessa, Sister of Dowan comes into view.
She is wielding a +0 rapier.
You shoot an arrow. The arrow barely misses Dowan.
You shoot an arrow. The arrow closely misses Dowan.
You block Dowan's attack. Duvessa hits you but does no damage.
You shoot an arrow. The arrow barely misses Dowan.
Dowan hits you with a +0 dagger. Duvessa barely misses you.
You shoot an arrow. The arrow hits Dowan.
Dowan is moderately wounded.
Dowan gestures at you while chanting. The puff of flame misses you.
Duvessa hits you with a +0 rapier.
You shoot an arrow. The arrow closely misses Dowan.
Dowan hits you but does no damage. Duvessa hits you with a +0 rapier!
You shoot an arrow. The arrow hits Dowan!
Dowan is severely wounded.
Dowan points at you and mumbles some strange words.
The puff of frost hits you! Duvessa barely misses you.
You shoot an arrow. The arrow hits Dowan.
Dowan is severely wounded.
Dowan gestures at you while chanting. The puff of frost hits you.
Duvessa hits you with a +0 rapier.
You shoot an arrow. The arrow hits Dowan.
You kill Dowan!
Duvessa screams in rage.
Duvessa goes berserk!
Duvessa misses you. Duvessa hits you with a +0 rapier!
You die...

#.#............
..........#####
#.######### #.#
####### #.#
#.....# #.#
#.###.#
#.#######.#$#.#
####.........###..
#@).....####......
#e#####.######..##
#.. #...........
#### ############


You could see Duvessa (berserk).

Vanquished Creatures
  Grinder (D:3)
  A black bear (D:4)
  Dowan (D:4)
  A hound (D:4)
  An orc priest (D:3)
  A sleepcap (D:4)
  Natasha (thrice) (D:4)
  An orc wizard (D:3)
  An adder (D:3)
  5 dart slugs
  9 orcs
  4 endoplasms
  A giant cockroach (D:2)
  3 goblins
  7 hobgoblins
  8 jackals
  3 kobolds
  4 quokkas
  6 ball pythons
  6 bats
  A frilled lizard (D:1)
  3 rats
71 creatures vanquished.

Notes
Turn   | Place    | Note
-------+----------+-------------------------------------------
     0 | D:1      | qw the Gargoyle Hunter began the quest for the Orb.
     0 | D:1      | Reached XP level 1. HP: 12/12 MP: 1/1
     0 | D:1      | 0 ||| qw: Version: 0.3-a-76-g4403597
     0 | D:1      | 0 ||| qw: Game counter: 961
     0 | D:1      | 0 ||| qw: Melee chars always use a shield: true
     0 | D:1      | 0 ||| qw: God list: Okawaru
     0 | D:1      | 0 ||| qw: Allow faded altars: false
     0 | D:1      | 0 ||| qw: Do Orc after clearing Dungeon:15 true
     0 | D:1      | 0 ||| qw: Do second Lair branch before Depths: true
     0 | D:1      | 0 ||| qw: Lair rune preference: random
     0 | D:1      | 0 ||| qw: Goals: Normal
     0 | D:1      | 0 ||| PLANNING D:1-11
   205 | D:1      | Reached XP level 2. HP: 17/17 MP: 2/2
   594 | D:1      | 594 ||| UPGRADING to +0 ring mail.
   604 | D:1      | 604 ||| DROPPING +0 leather armour.
   605 | D:1      | 605 ||| UPGRADING to +1 robe of willpower.
   615 | D:1      | 615 ||| UPGRADING to ring of protection from fire.
   616 | D:1      | 616 ||| READING scroll labelled IMAWAU TENU.
   617 | D:1      | 617 ||| READING 2 scrolls labelled QIZALO RIBLUGIE.
   618 | D:1      | 618 ||| READING scroll labelled QEAFEMETIEBU.
   619 | D:1      | 619 ||| DROPPING scroll of butterflies.
   704 | D:2      | Identified the ring "Yhih" {rPois Will+ SInv}
   767 | D:2      | Found a runed translucent door.
   768 | D:2      | Noticed Crazy Yiuf
   979 | D:2      | Reached XP level 3. HP: 21/21 MP: 3/3
  1074 | D:2      | Reached skill level 5 in Ranged Weapons
  1173 | D:2      | 1173 ||| UPGRADING to amulet of reflection.
  1178 | D:2      | 1178 ||| UPGRADING to ring of resist corrosion.
  1179 | D:2      | 1179 ||| UPGRADING to ring "Yhih" {rPois Will+ SInv}.
  1181 | D:2      | 1181 ||| UPGRADING to ring of protection from fire.
  1183 | D:2      | 1183 ||| READING scroll labelled FUCLEG ACECSU.
  1198 | D:2      | 1198 ||| READING scroll labelled CYKENGU UFENT.
  1199 | D:2      | 1199 ||| READING 2 scrolls of identify.
  1199 | D:2      | 1199 ||| IDENTIFYING fizzy silvery potion
  1200 | D:2      | 1200 ||| DROPPING potion of lignification.
  1273 | D:3      | Found a shimmering altar of Xom.
  1301 | D:3      | Reached skill level 3 in Fighting
  1301 | D:3      | Reached XP level 4. HP: 18/28 MP: 4/4
  1400 | D:3      | Found a snail-covered altar of Cheibriados.
  1465 | D:3      | Found an ancient bone altar of Kikubaaqudgha.
  1570 | D:3      | Found a stormy altar of Qazlal.
  1601 | D:3      | Found Imigg's Antique Weapon Emporium.
  1609 | D:3      | Found a burning altar of Makhleb.
  1613 | D:3      | Noticed Grinder
  1640 | D:3      | Killed Grinder
  1641 | D:3      | Reached skill level 7 in Ranged Weapons
  1641 | D:3      | Reached XP level 5. HP: 32/32 MP: 5/5
  1641 | D:3      | Reached XP level 6. HP: 37/37 MP: 6/6
  1943 | D:3      | Found a glowing silver altar of Zin.
  1943 | D:3      | Noticed an angel
  2200 | D:3      | 2200 ||| READING scroll labelled DIAFOSOCUR.
  2228 | D:4      | 2228 ||| PLANNING OSSUARY
  2243 | D:4      | Noticed a black bear
  2253 | D:4      | Killed a black bear
  2254 | D:4      | Reached XP level 7. HP: 32/44 MP: 7/7
  2319 | D:4      | Noticed Natasha
  2321 | D:4      | Killed Natasha
  2526 | D:4      | Noticed Natasha
  2532 | D:4      | Killed Natasha
  2585 | D:4      | Noticed Natasha
  2593 | D:4      | Killed Natasha
  2656 | D:4      | Found a white marble altar of Elyvilon.
  2706 | D:4      | Noticed Dowan
  2707 | D:4      | Noticed Duvessa
  2714 | D:4      | HP: 11/44 [Duvessa/+0 rapier (3)]
  2715 | D:4      | Killed Dowan
  2715 | D:4      | Slain by Duvessa

Levels and vault maps discovered:
D:1:      amcnicky_arrival_gap_in_the_tavern_cellar, layout_basic,
          minmay_tromino_v4_c
D:2:      layout_rooms, minmay_misc_feat_enclosed, grunt_ministairs_4,
          uniq_crazy_yiuf_cottage
D:3:      layout_loops_ring, mainiacjoe_overflow_24_doors,
          kiku_gazebo_pond_becter, mainiacjoe_overflow_paths, zin_angel,
          mainiacjoe_overflow_concentric_impassable,
          lemuel_coloured_pillars_altar, serial_shops, shop,
          kennysheep_generic_room_16, uniq_grinder
D:4:      minmay_inner_zag, layout_basic, general_overflow_altar,
          minmay_temple_entry_from_below_a, enter_ossuary_2, item_on_display_a,
          uniq_eustachio, uniq_ijyb, uniq_duvessa, uniq_natasha

Skill      XL: |  1  2  3  4  5  6  7 |
---------------+----------------------+-----
Ranged Weapons | 5 7 |  7.4
Fighting       | 3 4 |  4.8
Dodging        | 2 |  2.2
Stealth        | |  1.1

Action                     |  1- 3 |  4- 6 |  7- 9 || total
---------------------------+-------+-------+-------++-------
   Fire: Shortbow          |    87 |   140 |    55 ||   282
    Use: Scroll            |     6 |     1 |       ||     7
 Armour: Leather armour    |    10 |       |       ||    10
         Robe              |     5 |    22 |    21 ||    48
  Dodge: Dodged            |    18 |    33 |    11 ||    62
  Block: Other             |     2 |    12 |     2 ||    16

Table legend:
 A = Non-vault XP
 B = Vault XP
 C = Vault XP percentage of total XP
 D = Non-vault monster count
 E = Vault monster count
 F = Vault count percentage of total count
                 A         B        C        D         E       F
            +---------+---------+-------+---------+---------+-------
      Total |     497 |     414 |  45.4 |      65 |       6 |   8.5
            +---------+---------+-------+---------+---------+-------
        D:1 |      22 |       0 |   0.0 |      13 |       0 |   0.0
        D:2 |      12 |       6 |  33.3 |       7 |       2 |  22.2
        D:3 |     163 |     303 |  65.0 |      33 |       2 |   5.7
        D:4 |     300 |     105 |  25.9 |      12 |       2 |  14.3
            +---------+---------+-------+---------+---------+-------
